 Dungeon Crawl Stone Soup version 0.31-a0-963-ga325b2283a (webtiles) character file.

Game seed: 478007274897252964

93634 Dordric the Brawler (level 15, -5/219 HPs)
             Began as a Troll Shapeshifter on Oct 24, 2023.
             Was a High Priest of Trog.
             Slain by an orc knight
             ... wielding a +0 bardiche
              (29 damage)
             ... on level 11 of the Dungeon.
             The game lasted 00:38:33 (21438 turns).

Dordric the Brawler (Troll Shapeshifter)           Turns: 21438, Time: 00:38:33

Health: -5/219     AC: 10    Str: 26    XL:     15   Next: 61%
Magic:  14/14      EV: 15    Int:  6    God:    Trog [*****.]
Gold:   1542       SH:  0    Dex: 18    Spells: 14/14 levels left

rFire   x .          .
                       - Unarmed
rCold   + . .        (no shield)
rNeg    + . .        v - melded +0 troll leather armour
rPois   +            z - +1 hat
rElec   .            H - +2 cloak of Gestures {rC+}
rCorr   .            (gloves unavailable)
SInv    .            (boots unavailable)
Will    +....        e - amulet of the Sneaky Spines {rPois rF- Regen+ Dex+3} Stlth
                     J - +4 ring of protection
HPRegen 2.16/turn    T - ring "Uthaaxec" {rPois rN+}
MPRegen 0.14/turn

%: no passive effects
@: berserking, maw-form, studying Dodging, very quick
A: devouring maw, large, unfitting armour, claws 3, regeneration 1, shaggy fur
1, tough skin 1, inability to read after injury 1
a: Begin Untransformation, Renounce Religion, Berserk, Trog's Hand, Brothers in
Arms


You were on level 11 of the Dungeon.
You worshipped Trog.
Trog was extremely pleased with you.
You were a creature with a mouth for a stomach.
You visited 4 branches of the dungeon, and saw 22 of its levels.
You also visited: Gauntlet.

You collected 1542 gold pieces.

Inventory:

Hand Weapons
 R - the +10 orcbow of Diuph {heavy, Fly rC+ Int-3}
   (You took it off a minotaur in a Gauntlet)

   Int-3:     It affects your intelligence (-3).
   rC+:       It protects you from cold.
   Fly:       It grants you flight.
 U - the +3 long sword of the Shallot {vamp, *Noise rF+++ rC- Dex+6}
   (You took it off a minotaur in a Gauntlet)

   Dex+6:     It affects your dexterity (+6).
   rF+++:     It renders you almost immune to fire.
   rC-:       It makes you vulnerable to cold.
   *Noise:    It may make a loud noise when swung.
Armour
 v - a +0 troll leather armour (melded)
 z - a +1 hat (worn)
 H - the +2 cloak of Gestures (worn) {rC+}
   (You found it in a Gauntlet)

   rC+:       It protects you from cold.
 W - +0 ice dragon scales
Jewellery
 e - the amulet of the Sneaky Spines (around neck) {rPois rF- Regen+ Dex+3}
   (You acquired it on level 7 of the Dungeon)

   [amulet of regeneration]

   Dex+3:     It affects your dexterity (+3).
   rF-:       It makes you vulnerable to fire.
   rPois:     It protects you from poison Regen+: It increases your rate of
   health regeneration.
 w - an amulet of guardian spirit
 E - a ring of ice
 J - a +4 ring of protection (left claw)
 M - a ring of fire
 P - a ring of positive energy
 T - the ring "Uthaaxec" (right claw) {rPois rN+}
   (You found it in a Gauntlet)

   [ring of poison resistance]

   rPois:     It protects you from poison rN+: It protects you from negative
   energy.
Talismans
 c - a beast talisman
 d - a flux talisman
 Z - a maw talisman (active)
Wands
 q - a wand of polymorph (3)
 t - a wand of mindburst (23)
 y - a wand of iceblast (27)
 F - a wand of paralysis (42)
 L - a wand of flame (41)
 N - a wand of digging (19)
Scrolls
 f - 4 scrolls of noise
 i - 3 scrolls of poison
 k - 2 scrolls of blinking
 m - a scroll of summoning
 p - 2 scrolls of revelation
 s - a scroll of brand weapon
 A - 4 scrolls of vulnerability
 B - 9 scrolls of immolation
 C - 3 scrolls of fog
 D - 5 scrolls of teleportation
 Q - a scroll of silence
 S - a scroll of fear
 X - a scroll of enchant weapon
Potions
 a - a potion of invisibility {unknown}
 b - 7 potions of lignification
 g - 9 potions of curing
 h - 2 potions of magic {unknown}
 j - 3 potions of attraction {unknown}
 l - 9 potions of enlightenment
 n - a potion of berserk rage
 o - 2 potions of degeneration {unknown}
 u - 4 potions of brilliance
 x - 4 potions of haste {unknown}
 G - 9 potions of ambrosia
 I - 4 potions of mutation
 K - a potion of heal wounds
 O - a potion of resistance {unknown}
 Y - a potion of might {unknown}


   Skills:
 + Level 9.2 Fighting
 + Level 10.0 Dodging
 + Level 17.2 Unarmed Combat
 + Level 15.9 Shapeshifting


You had 14 spell levels left.
You didn't know any spells.
Your spell library contained the following spells:

 Spells                   Type           Power      Damage    Failure   Level
 Blink                    Tloc           0%         N/A       58%         2
 Animate Armour           Summ/Erth      0%         N/A       99%         4
 Manifold Assault         Tloc           0%         N/A       99%         4
 Summon Lightning Spire   Summ/Air       0%         N/A       99%         4
 Lee's Rapid Deconstruct  Erth           0%         3d4*      100%        5
 Dispersal                Tloc           0%         N/A       100%        6
 Disjunction              Tloc           0%         N/A       100%        8


Dungeon Overview and Level Annotations

Branches:
Dungeon (15/15)            Temple (1/1) D:7            Lair (5/5) D:8
 Shoals (0/4) Lair:2        Snake (0/4) Lair:2        Slime (0/5) Lair:5
    Orc (1/2) D:11         Vaults (0/5) D:13         Depths (0/4) D:15
Gauntlet (visited)

Altars:
Ashenzari
Cheibriados
Dithmenos
Elyvilon
Fedhas
Gozag
Hepliaklqana
Kikubaaqudgha
Makhleb
Nemelex Xobeh
Okawaru
Qazlal
Ru
Sif Muna
Trog
Uskayaw
Vehumet
Wu Jian
Xom
Yredelemnul
Zin
The Shining One
Jiyva

Shops:
D:7 ?   D:14 !

Annotations:
D:13 exclusion: oklob plant
Lair:2 1 exclusion


Innate Abilities, Weirdness & Mutations

You are a creature with a mouth for a stomach.
Your midsection houses a second, enormous mouth.
You are too large for most types of armour.
You have claws for hands.
Your natural rate of healing is unusually fast.
You are covered in fur. (AC +1)
You have tough skin. (AC +1)
You occasionally lose the ability to read scrolls when taking damage.


Message History

You are too injured to fight recklessly!
You are too injured to fight recklessly!
You are too injured to fight recklessly!
You are too injured to fight recklessly!
You are too injured to fight recklessly!
You are too injured to fight recklessly!
You are too injured to fight recklessly!
You are too injured to fight recklessly!
You are too injured to fight recklessly!
You are too injured to fight recklessly!
You are too injured to fight recklessly!
You are too injured to fight recklessly!
A red film seems to cover your vision as you go berserk!
You feel yourself moving faster!
You feel mighty!
The orc knight hits you with a +0 dire flail!
The orc knight completely misses you.
You eviscerate the orc knight!!!
You feel the power of Trog in you as your rage grows.
You kill the orc knight!
Trog accepts your kill.
Your Dodging skill increases to level 10!
The orc knight hits you from afar with a +0 bardiche!!!
* * * LOW HITPOINT WARNING * * *
Items here: ))) [[.
You feel a strong urge to attack something.
You barely miss the orc knight.
The orc knight hits you with a +0 bardiche!
* * * LOW HITPOINT WARNING * * *
You barely miss the orc knight. You bite the orc knight!!
The orc knight is heavily wounded.
You barely miss the orc knight.
The orc knight is heavily wounded.
The orc knight hits you with a +0 bardiche!!
* * * LOW HITPOINT WARNING * * *
You scratch the orc knight. You bite the orc knight!
The orc knight is severely wounded.
You closely miss the orc knight. Your bite misses the orc knight.
The orc knight is severely wounded.
The orc knight hits you with a +0 bardiche!!
You die...

################
#)[[[[.........####
#[#.)[............#
#[###8'8#####8'8###
#.##.....[8......#
#.##.............#
#.##...⌠.._..⌠...#
#######.##.....)Wo.....#
........##.....[>[.....#
∩....###################
.....###......#
(....#.<......#
.......##.....#
.....######.### .....#
#)# .....# #)#


You could see an orc knight (strong).

Vanquished Creatures
  3 dire elephants (Lair:5)
  A minotaur (Gauntlet)
  An entropy weaver (shapeshifter) (D:15)
  An entropy weaver (Gauntlet)
  2 ice dragons (D:15)
  2 hydras
  A death knight (D:15)
  An ogre mage (D:15)
  2 centaur warriors
  4 boulder beetles
  2 catoblepae (Lair:5)
  8 two-headed ogres
  2 tengu warriors (D:14)
  7 death yaks
  A skyshark (Lair:3)
  A fire crab (Lair:5)
  A deep troll (D:13)
  A phantasmal warrior (D:15)
  4 lindwurms
  2 deep elf pyromancers
  5 orc knights
  10 ugly things
  2 harpies (Lair:2)
  A wolf spider (D:15)
  5 cyclopes
  A shining eye (Gauntlet)
  4 manticores
  9 black mambas
  A salamander (Lair:2)
  2 elephants (Lair:5)
  A black mamba (shapeshifter) (D:13)
  An eye of devastation (Lair:5)
  A gargoyle (D:14)
  10 cane toads
  10 komodo dragons
  A smoke demon (D:12)
  A yaktaur (D:15)
  Maggie (D:6)
  2 freezing wraiths (D:15)
  3 kobold demonologists
  2 tengu conjurers
  3 efreet
  6 rime drakes
  A hellwing (D:12)
  6 meliai
  3 hornets
  5 trolls
  10 polar bears
  A queen bee (Lair:2)
  2 raiju (Lair:5)
  25 blink frogs
  A glass eye (Lair:4)
  2 dream sheep (Lair:5)
  2 slime creatures (D:15)
  A vampire (D:12)
  A shadow (D:11)
  A jumping spider (Gauntlet)
  64 yaks
  3 wraiths
  Eustachio (D:6)
  5 wyverns
  5 basilisks
  A hog (shapeshifter) (D:15)
  2 golden eyes (Gauntlet)
  Grum (D:8)
  2 steam dragons
  5 vampire mosquitoes
  A basilisk (shapeshifter) (D:14)
  Menkaure (D:5)
  4 wargs (Lair:5)
  4 acid dragons
  15 hell hounds (Lair:5)
  10 orc warriors
  13 water moccasins
  16 black bears
  2 ice beasts
  4 boggarts (D:14)
  31 wolves
  5 ogres
  5 centaurs
  2 phantoms
  6 kobold brigands
  14 bullfrogs
  2 scorpions (D:5)
  14 wights
  33 killer bees
  5 howler monkeys
  5 electric eels (D:10)
  2 lava snakes
  3 hounds
  A jelly (D:6)
  14 orc priests
  Ijyb (D:5)
  Jessica (D:3)
  2 iguanas
  A sleepcap (D:5)
  Natasha (thrice) (D:3)
  17 orc wizards
  4 hell rats (Lair:4)
  3 gnolls (D:2)
  5 adders
  A white imp (D:5)
  A worm (D:2)
  3 dart slugs
  54 orcs
  4 endoplasms
  A giant cockroach (D:2)
  9 hobgoblins
  50 kobolds
  4 quokkas
  6 ball pythons
  3 bats
  4 frilled lizards
  3 goblins
  8 rats
679 creatures vanquished.

Notes
Turn   | Place    | Note
-------+----------+-------------------------------------------
     0 | D:1      | Dordric the Troll Shapeshifter began the quest for the Orb.
     0 | D:1      | Reached XP level 1. HP: 18/18 MP: 0/0
   328 | D:1      | Reached XP level 2. HP: 26/26 MP: 1/1
   651 | D:2      | Reached XP level 3. HP: 32/32 MP: 2/2
  1006 | D:2      | Reached skill level 4 in Unarmed Combat
  1130 | D:2      | Found a faded altar of an unknown god.
  1136 | D:2      | Reached XP level 4. HP: 40/40 MP: 3/3
  1521 | D:3      | Noticed Jessica
  1523 | D:3      | Killed Jessica
  1551 | D:3      | Found a glowing golden altar of the Shining One.
  1700 | D:3      | Found an ancient bone altar of Kikubaaqudgha.
  1900 | D:3      | Noticed Natasha
  1905 | D:3      | Killed Natasha
  2107 | D:3      | Reached XP level 5. HP: 46/46 MP: 4/4
  2158 | D:3      | Noticed Natasha
  2165 | D:3      | Killed Natasha
  2252 | D:3      | Noticed Natasha
  2273 | D:3      | Killed Natasha
  2477 | D:4      | Reached skill level 5 in Unarmed Combat
  2700 | D:4      | Noticed an ogre
  2705 | D:4      | Killed an ogre
  2706 | D:4      | Reached skill level 5 in Shapeshifting
  2706 | D:4      | Reached XP level 6. HP: 10/54 MP: 5/5
  2830 | D:4      | Found a radiant altar of Vehumet.
  2949 | D:5      | Entered Level 5 of the Dungeon
  3002 | D:5      | Reached skill level 6 in Unarmed Combat
  3005 | D:5      | Reached XP level 7. HP: 44/61 MP: 6/6
  3309 | D:5      | Noticed Menkaure
  3318 | D:5      | Killed Menkaure
  3348 | D:5      | Noticed Ijyb
  3356 | D:5      | Killed Ijyb
  3520 | D:5      | Reached skill level 7 in Unarmed Combat
  4042 | D:6      | Reached XP level 8. HP: 62/68 MP: 5/7
  4095 | D:6      | Found a shadowy altar of Dithmenos.
  4200 | D:6      | Reached skill level 8 in Unarmed Combat
  4269 | D:6      | Noticed Maggie
  4285 | D:6      | Killed Maggie
  4706 | D:6      | Noticed Eustachio
  4727 | D:6      | Killed Eustachio
  4728 | D:6      | Reached XP level 9. HP: 75/75 MP: 8/8
  4979 | D:7      | Reached skill level 9 in Unarmed Combat
  5120 | D:7      | Found a staircase to the Ecumenical Temple.
  5210 | Temple   | Entered the Ecumenical Temple
  5245 | Temple   | Became a worshipper of Trog the Wrathful
  5316 | D:7      | Found a hide-covered altar of Uskayaw.
  5520 | D:7      | Identified a scroll of acquirement
  5523 | D:7      | Acquired the amulet of the Sneaky Spines {rPois rF- Regen+
                  | Dex+3}
  5589 | D:7      | Found a basalt altar of Yredelemnul.
  5975 | D:7      | Reached skill level 10 in Unarmed Combat
  6016 | D:7      | Found an ornate altar of the Wu Jian Council.
  6186 | D:7      | Found Ozuorch's Magic Scroll Boutique.
  6320 | D:8      | Reached * piety under Trog
  6508 | D:8      | Noticed a two-headed ogre
  6518 | D:8      | Killed a two-headed ogre
  6519 | D:8      | Reached XP level 10. HP: 51/83 MP: 9/9
  6621 | D:8      | Reached skill level 10 in Shapeshifting
  6740 | D:8      | Found a staircase to the Lair.
  6771 | D:8      | Reached skill level 11 in Unarmed Combat
  6798 | D:8      | Noticed Grum
  6815 | D:8      | Killed Grum
  7656 | D:9      | Reached ** piety under Trog
  7718 | D:9      | Reached skill level 12 in Unarmed Combat
  7813 | D:9      | Noticed a cyclops
  7829 | D:9      | Killed a cyclops
  7922 | D:9      | Found a glowing silver altar of Zin.
  7980 | D:9      | Found a burning altar of Makhleb.
  8541 | D:9      | Reached XP level 11. HP: 86/89 MP: 10/10
  8604 | D:10     | Entered Level 10 of the Dungeon
  9209 | D:10     | Reached skill level 13 in Unarmed Combat
  9257 | D:10     | Found a shimmering altar of Xom.
  9676 | Lair:1   | Entered Level 1 of the Lair of Beasts
  9999 | Lair:1   | Reached *** piety under Trog
 10252 | Lair:1   | Reached skill level 1 in Fighting
 10593 | Lair:2   | Reached skill level 14 in Unarmed Combat
 10593 | Lair:2   | Reached XP level 12. HP: 101/101 MP: 11/11
 10789 | Lair:2   | Found a staircase to the Snake Pit.
 11116 | Lair:2   | Found a staircase to the Shoals.
 11146 | Lair:2   | HP: 5/104 [harpy (12)]
 11357 | Lair:2   | Found a white marble altar of Elyvilon.
 11732 | Lair:2   | Reached **** piety under Trog
 12254 | Lair:3   | Noticed a death yak
 12302 | Lair:3   | Reached skill level 5 in Dodging
 12324 | Lair:3   | Reached XP level 13. HP: 74/117 MP: 12/12
 12425 | Lair:3   | Reached skill level 5 in Fighting
 12611 | Lair:3   | Reached skill level 15 in Unarmed Combat
 13344 | Lair:4   | Reached ***** piety under Trog
 13949 | Lair:5   | Entered Level 5 of the Lair of Beasts
 14032 | Lair:5   | Found an ancient bone altar of Kikubaaqudgha.
 14250 | Lair:5   | Found a staircase to the Slime Pits.
 14250 | Lair:5   | Found a viscous altar of Jiyva.
 14577 | Lair:5   | Noticed a dire elephant
 14613 | Lair:5   | Killed a dire elephant
 14673 | Lair:5   | Reached XP level 14. HP: 106/131 MP: 13/13
 15056 | Lair:5   | Received a gift from Trog
 15432 | Lair:5   | Reached skill level 16 in Unarmed Combat
 15708 | Lair:5   | Reached skill level 15 in Shapeshifting
 16022 | D:11     | Found a gate leading to a gauntlet.
 16039 | Gauntlet | Entered a Gauntlet
 16039 | Gauntlet | Found a transporter.
 16039 | Gauntlet | Found a transporter.
 16040 | Gauntlet | Found a transporter.
 16043 | Gauntlet | Found a transporter.
 16043 | Gauntlet | Found a transporter.
 16043 | Gauntlet | Found a transporter.
 16045 | Gauntlet | Found a large runed translucent door.
 16046 | Gauntlet | Found a large runed translucent door.
 16047 | Gauntlet | Found a large runed translucent door.
 16047 | Gauntlet | Found a large runed translucent door.
 16047 | Gauntlet | Found a runed translucent door.
 16047 | Gauntlet | Found a runed translucent door.
 16076 | Gauntlet | Found a large runed translucent door.
 16080 | Gauntlet | Found a large runed translucent door.
 16081 | Gauntlet | Found a large runed translucent door.
 16082 | Gauntlet | Found a large runed translucent door.
 16083 | Gauntlet | Found a runed translucent gate.
 16085 | Gauntlet | Found a transporter.
 16089 | Gauntlet | Found a transporter.
 16102 | Gauntlet | Found a transporter.
 16102 | Gauntlet | Found a transporter.
 16102 | Gauntlet | Found a runed translucent gate.
 16103 | Gauntlet | Found a runed translucent gate.
 16104 | Gauntlet | Found a large runed translucent door.
 16105 | Gauntlet | Found a large runed translucent door.
 16106 | Gauntlet | Found a large runed translucent door.
 16107 | Gauntlet | Found a large runed translucent door.
 16121 | Gauntlet | Found a large runed translucent door.
 16121 | Gauntlet | Found a large runed translucent door.
 16122 | Gauntlet | Found a large runed translucent door.
 16123 | Gauntlet | Found a large runed translucent door.
 16142 | Gauntlet | Found a transporter.
 16162 | Gauntlet | Found a transporter.
 16308 | Gauntlet | Paralysed by a hornet for 3 turns
 16311 | Gauntlet | Identified the +2 pair of gloves of the Wasteland {rF+
                  | Str+3 Int+2}
 16339 | Gauntlet | Gained mutation: You occasionally lose the ability to read
                  | scrolls when taking damage. [a shining eye]
 16520 | Gauntlet | Identified the +2 cloak of Gestures {rC+}
 16554 | Gauntlet | Identified the +10 orcbow of Diuph {heavy, Fly rC+ Int-3}
 16554 | Gauntlet | Identified the +3 long sword of the Shallot {vamp, *Noise
                  | rF+++ rC- Dex+6}
 16609 | Gauntlet | Identified the ring "Uthaaxec" {rPois rN+}
 16971 | D:11     | Found a staircase to the Orcish Mines.
 18494 | D:13     | Found a blossoming altar of Fedhas.
 18856 | D:13     | Found a gate to the Vaults.
 19222 | D:14     | Reached XP level 15. HP: 144/144 MP: 14/14
 19380 | D:14     | Found Gyri's Distillery.
 19561 | D:14     | Received a gift from Trog
 19815 | D:14     | Acquired a manual of Dodging
 19944 | D:15     | Entered Level 15 of the Dungeon
 20101 | D:15     | Found a staircase to the Depths.
 20354 | D:15     | Reached skill level 17 in Unarmed Combat
 21278 | Orc:1    | Entered Level 1 of the Orcish Mines
 21432 | D:11     | Reached skill level 10 in Dodging
 21438 | D:11     | Slain by an orc knight

Illustrated notes

Levels and vault maps discovered:
D:1:      dpeg_arrival_castle, layout_basic
D:2:      layout_basic, ebering_ecumenical_altar_box
D:3:      layout_basic, tso_oasis_becter, nicolae_kikubaaqudgha_miasma_corner,
          serial_bayou_pond_e, uniq_jessica, uniq_natasha
D:4:      layout_cave_pools, nicolae_vehumet_radiance,
          minmay_misc_feat_four_crosses, kennysheep_flooded_box
D:5:      layout_layer_cave, uniq_menkaure, uniq_ijyb
D:6:      kennysheep_kobold_camp, layout_basic, grunt_dithmenos_smoke,
          water_boxes_lemuel, uniq_maggie, uniq_eustachio
D:7:      layout_gridville, nicolae_uskayaw_dance_hall,
          lemuel_coloured_pillars_altar, mainiacjoe_overflow_cross_hatched,
          minmay_temple_entry_junction, serial_shops, nicolae_lakefront_shop,
          kennysheep_generic_room_11
D:8:      layout_layer_cave, dpeg_oklobed_lair, uniq_grum
D:9:      layout_long_grid, bloody_makhleb, nicolae_overflow_hidden_temple
D:10:     argonaut_augean_stables, layout_basic, mainiacjoe_overflow_alcove_2
D:11:     layout_rooms, david_orc_5, gauntlet_entry_generic
D:12:     nicolae_cairo_tiling_very_big, layout_cave_pods,
          nicolae_where_there's_smoke
D:13:     layout_long_grid, david_vaults_4, tgw_fedhas
D:14:     layout_basic, serial_shops, shop, serial_corexii_hall,
          corexii_hall_statues_t, corexii_hall_statues_deadend, glass_columns_b,
          hangedman_decor_clover_reticule
D:15:     grunt_enter_depths_hoard, layout_basic, interstate_on_off,
          chequers_serial_rivers_micro_a, lemuel_flamethrower_1
Temple:   chequers_temple_sunken
Lair:1:   layout_loops_ring
Lair:2:   layout_small_grid, nicolae_shoals_entry_roost,
          nicolae_snake_entry_warm_welcome, basic_altar, special_room
          [special_room_bee], portal_ice_cave_rime, minmay_holes,
          beast_lair_carwin_3, infiniplex_staircase_pool_2
Lair:3:   layout_gridlike, nzn_random_ring
Lair:4:   layout_loops_ring, serial_rivers, chequers_serial_rivers_micro_a,
          chequers_serial_rivers_large_a, chequers_serial_rivers_small_a,
          chequers_serial_rivers_micro_e, serial_bayou_pond_a
Lair:5:   hangedman_lair_caniforms_friends, layout_regular_city,
          hangedman_lair_in_review, minmay_slime_entry_eyes, basic_altar
Orc:1:    layout_diamond_mine, special_room [special_room_orc]

Skill      XL: |  1  2  3  4  5  6  7  8  9 10 11 12 13 14 15 |
---------------+----------------------------------------------+-----
Unarmed Combat | 4 5 6 7 8 10 12 14 15 16 17 | 17.2
Shapeshifting  | 4 5 6 8 9 11 12 13 14 15 | 15.9
Fighting       | 1 4 6 8 9 |  9.2
Dodging        | 2 5 6 8 10 | 10.0

Action                     |  1- 3 |  4- 6 |  7- 9 | 10-12 | 13-15 || total
---------------------------+-------+-------+-------+-------+-------++-------
  Melee: Unarmed           |    67 |   103 |   294 |   785 |  1132 ||  2381
         Punch             |       |       |     2 |     1 |    33 ||    36
         Maw               |       |       |       |       |    73 ||    73
 Invoke: Berserk           |       |       |     1 |    11 |    12 ||    24
         Trog's Hand       |       |       |       |     5 |    10 ||    15
  Evoke: Wand              |       |       |       |       |     3 ||     3
    Use: Scroll            |       |       |     7 |     7 |    10 ||    24
         Potion            |       |       |       |     7 |     1 ||     8
   Stab: Sleeping          |     3 |     1 |       |       |     1 ||     5
         Petrifying        |       |       |       |       |     1 ||     1
 Armour: Animal skin       |    33 |    39 |   174 |       |       ||   246
         Skin              |       |    10 |       |    39 |   136 ||   185
         Steam dragon scal |       |       |    33 |   195 |       ||   228
         Troll leather arm |       |       |       |   530 |   868 ||  1398
  Dodge: Dodged            |    21 |    35 |   129 |   448 |   716 ||  1349
   Form: Flux              |       |       |     1 |       |       ||     1
         Maw               |       |       |       |       |     1 ||     1

Table legend: (Time is in decaauts)
 A = Elapsed time spent in this place.
 B = Non-inter-level travel time spent in this place.
 C = Inter-level travel time spent in this place.
 D = Time resting spent in this place.
 E = Time spent auto-exploring this place.
 F = Levels seen in this place.
 G = Mean time per level.
                   A        B        C        D        E       F      G
               +--------+--------+--------+--------+--------+-----+--------+
         Total |  21090 |  19922 |   1168 |    725 |  14247 |  23 |  917.0 |
       Dungeon |  14279 |  13340 |    939 |    310 |  10544 |  15 |  951.9 |
        Temple |     59 |     35 |     24 |      0 |      0 |   1 |   59.0 |
          Lair |   5989 |   5784 |    205 |    313 |   3630 |   5 | 1197.8 |
  Orcish Mines |     71 |     71 |      0 |      0 |      1 |   1 |   71.0 |
      Gauntlet |    689 |    689 |      0 |    101 |     72 |   1 |  689.0 |
               +--------+--------+--------+--------+--------+-----+--------+

Top non-repeatable levels by time:
  Lair:5: 1666 daAuts
     D:8: 1418 daAuts
  Lair:2: 1282 daAuts
    D:15: 1211 daAuts
     D:7: 1164 daAuts
  Lair:3: 1107 daAuts
     D:9: 1096 daAuts
    D:13: 1071 daAuts
     D:2: 1062 daAuts
     D:6: 1052 daAuts
     D:3: 1041 daAuts
    D:10: 981 daAuts
  Lair:4: 972 daAuts
  Lair:1: 961 daAuts
    D:12: 947 daAuts
